 Dungeon Crawl Stone Soup version 0.26-a0-651-gb41185065b (webtiles) character file.

Game seed: 10897198405862616447

17742 Irenicus the Earth Mage (level 12, -4/88 HPs)
             Began as a Deep Dwarf Earth Elementalist on Oct 4, 2020.
             Was the Champion of Makhleb.
             Slain by a two-headed ogre
             ... wielding a +0 giant spiked club
              (29 damage)
             ... on level 2 of the Orcish Mines.
             The game lasted 01:10:02 (7338 turns).

Irenicus the Earth Mage (DDEE)                      Turns: 7338, Time: 01:10:02

Health: -4/88      AC: 11    Str: 12    XL:     12   Next: 21%
Magic:  7/27       EV: 13    Int: 21    God:    Makhleb [******]
Gold:   1579       SH:  0    Dex: 13    Spells: 18/33 levels left

rFire    . . .     SeeInvis .   p - +2 dagger (vamp)
rCold    + . .     Faith    .   (no shield)
rNeg     . . .     Spirit   .   f - +0 ring mail
rPois    .         Reflect  .   (no helmet)
rElec    .         Harm     .   (no cloak)
rCorr    .         Rampage  .   B - +0 pair of gloves
MR       +....                  d - +2 pair of boots
Stlth    ++........             K - amulet of the acrobat
HPRegen  0.00/turn              j - ring of ice {rC+, rF-}
MPRegen  0.20/turn              F - ring of protection from fire {rF+, !d}

@: non-regenerating, studying 2 skills
A: damage resistance, heal wounds, sense surroundings 2, no regeneration
a: Heal Wounds, Minor Destruction, Lesser Servant of Makhleb, Major Destruction,
Greater Servant of Makhleb, Renounce Religion


You were on level 2 of the Orcish Mines.
You worshipped Makhleb.
Makhleb was exalted by your worship.
You visited 3 branches of the dungeon, and saw 15 of its levels.
You also visited: Bailey.

You collected 1579 gold pieces.

Inventory:

Hand Weapons
 g - a +1 vampiric spear
   (You found it on level 3 of the Dungeon)
 m - a +0 dagger of venom
   (You took it off a goblin on level 3 of the Dungeon)
 p - a +2 vampiric dagger (weapon)
   (You took it off an orc wizard on level 1 of the Orcish Mines)
 y - the +10 falchion "String" {flame, rPois MP+9}
   (You found it on level 6 of the Dungeon)

   It has been specially enchanted to burn those struck by it, causing extra
   injury to most foes and up to half again as much damage against particularly
   susceptible opponents.
   Big, fiery blades are also staple armaments of hydra-hunters.
   It protects you from poison.
   It affects your magic capacity (+9).
 z - the +7 spear "Giant's Death Toll" {venom, Int+6 Stlth-}
   (You found it on level 1 of the Orcish Mines)

   It poisons the flesh of those it strikes.
   It affects your intelligence (+6).
   It makes you less stealthy.
 J - the cursed +1 whip "Riuquur" {freeze, rF++}
   (You took it off a kobold on level 8 of the Dungeon)

   It has been specially enchanted to freeze those struck by it, causing extra
   injury to most foes and up to half again as much damage against particularly
   susceptible opponents.
   It can also slow down cold-blooded creatures.
   It greatly protects you from fire.
   It has a curse placed upon it.
Missiles
 b - 7 stones (quivered)
 h - 12 poisoned darts
Armour
 d - a +2 pair of boots (worn)
   (You found it on level 1 of the Dungeon)
 f - a +0 ring mail (worn)
   (You found it on level 1 of the Dungeon)
 v - a +0 crystal plate armour
   (You took it off an orc warrior in a bailey)
 B - a +0 pair of gloves (worn)
   (You found it on level 6 of the Dungeon)
Jewellery
 c - an uncursed ring of ice {rC+, rF-}
   (You found it on level 1 of the Dungeon)
 j - a ring of ice (left hand) {rC+, rF-}
   (You found it on level 1 of the Dungeon)
 s - an uncursed ring of poison resistance {rPois, !d}
   (You found it on level 4 of the Dungeon)
 E - an uncursed ring of flight {+Fly, !d}
   (You found it on level 7 of the Dungeon)
 F - a ring of protection from fire (right hand) {rF+, !d}
   (You found it on level 7 of the Dungeon)
 K - an amulet of the acrobat (around neck)
   (You found it on level 9 of the Dungeon)
 Q - an uncursed ring of protection from fire {rF+, !d}
   (You found it on level 11 of the Dungeon)
Wands
 P - a wand of digging (10)
   (You found it on level 10 of the Dungeon)
 R - a wand of iceblast (7)
   (You found it on level 11 of the Dungeon)
Scrolls
 i - 8 scrolls of teleportation
 l - 2 scrolls of enchant armour
 o - 2 scrolls of random uselessness {unknown}
 q - 4 scrolls of remove curse
 t - 6 scrolls of amnesia {unknown}
 w - a scroll of fog {unknown}
 A - a scroll of vulnerability {unknown}
 D - a scroll of blinking {unknown}
 G - a scroll of immolation {!r}
 I - a scroll of acquirement {unknown}
 L - 2 scrolls of noise {!r}
Potions
 a - 2 potions of lignification {!q}
 e - a potion of invisibility
 k - 3 potions of flight
 n - 7 potions of curing
 r - a potion of heal wounds
 u - 4 potions of brilliance
 x - 3 potions of ambrosia
 C - 2 potions of haste
 H - a potion of mutation {!q}
 M - a potion of might
 O - 2 potions of stabbing {unknown}
Books
 S - a manual of Shields {!d}
   (You found it in a bailey)
 T - a manual of Armour {!d}
   (You found it in a bailey)
Miscellaneous
 N - a condenser vane (1/2)
   (You found it on level 10 of the Dungeon)


   Skills:
 - Level 3.0 Long Blades
 - Level 8.6 Armour
 - Level 6.1 Dodging
 + Level 3.9 Stealth
 - Level 11.0 Spellcasting
 - Level 2.0 Conjurations
 - Level 2.2 Transmutations
 - Level 15.2 Earth Magic
 - Level 4.1 Evocations


You had 18 spell levels left.
You knew the following spells:

 Your Spells              Type           Power        Failure   Level
a - Sandblast             Erth           ######       1%          1
c - Petrify               Tmut/Erth      #####...     3%          4
w - Passwall              Tmut/Erth      #####...     1%          2
x - Stone Arrow           Conj/Erth      #####.       1%          3
z - Lee's Rapid Deconstr  Erth           ######....   1%          5

Your spell library contained the following spells:

 Spells                   Type           Power        Failure   Level
 Magic Dart               Conj           ###.         4%          1
 Searing Ray              Conj           ###...       7%          2
 Shock                    Conj/Air       ###.         8%          1
 Conjure Flame            Conj/Fire      ###.....     22%         3
 Dazzling Flash           Conj/Hex       ###...       22%         3
 Mephitic Cloud           Conj/Pois/Air  ##......     26%         3
 Confusing Touch          Hex            ##......     32%         3
 Gell's Gravitas          Tloc           ##........   32%         3
 Iron Shot                Conj/Erth      #####.....   43%         6
 Fulminant Prism          Conj/Hex       ###.......   58%         4
 Iskenderun's Mystic Bla  Conj/Tloc      ###.....     58%         4
 Yara's Violent Unravell  Hex/Tmut       ###.......   89%         5
 Metabolic Englaciation   Hex/Ice        ###.......   97%         5
 Freezing Cloud           Conj/Ice/Air   ###.......   100%        6


Dungeon Overview and Level Annotations

Branches:
Dungeon (12/15)            Temple (1/1) D:4            Lair (0/6) D:11
    Orc (2/2) D:9          Bailey (visited)
    Elf: Orc:2

Altars:
Cheibriados
Dithmenos
Fedhas
Kikubaaqudgha
Makhleb
Okawaru
Qazlal
Ru
Sif Muna
Trog
Uskayaw
Yredelemnul

Shops:
D:4 (   Orc:2 *


Innate Abilities, Weirdness & Mutations

You are resistant to damage.
You can heal yourself by infusing magical energy.
You passively map the area around you.
You do not regenerate.


Message History

An orc sorcerer comes into view.
It is wielding a +0 dagger and wearing a +2 robe of fire resistance.
Marking area around an orc sorcerer as unsafe for travelling.
Casting: Petrify (dangerous; 3% risk of failure)
Confirm with . or Enter, or press ? or * to list all spells.
Aiming: Stone Arrow (safe; 1% risk of failure)
Press: ? - help, Shift-Dir - straight line, f - orc sorcerer
Aim: an orc sorcerer, wielding a +0 dagger and wearing a +2 robe of fire resistance (asleep)
The stone arrow hits the orc sorcerer!
The orc sorcerer is moderately wounded.
The orc sorcerer shouts!
You now have 15/36 mp.
Casting: Stone Arrow (safe; 1% risk of failure)
Confirm with . or Enter, or press ? or * to list all spells.
Aiming: Stone Arrow (safe; 1% risk of failure)
Press: ? - help, Shift-Dir - straight line, f/p - orc sorcerer
Aim: an orc sorcerer, wielding a +0 dagger and wearing a +2 robe of fire resistance (moderately wounded)
The stone arrow hits the orc sorcerer!
The orc sorcerer is almost dead.
The orc sorcerer misses you.
Your hellwing hits the orc sorcerer. x2
The orc sorcerer dies!
Makhleb accepts your kill.
Your Stealth skill increases to level 3!
You now have 12/36 mp.
There is an open door here.
Things that are here:
a +0 dagger; a +2 robe of fire resistance; an orc corpse You open the door.
There is an open door here.
You swap places.
Your hellwing disappears in a puff of smoke!
You open the door.
An orc warrior comes into view. It is wielding a +0 short sword.
There is an open door here.
The +10 falchion "String" {flame, rPois MP+9} stops flaming.
You feel a sense of dread.
p - a +2 vampiric dagger (weapon)
The helpless orc warrior fails to defend itself.
You puncture the orc warrior!
The orc warrior is moderately wounded.
The orc warrior hits you with a +0 short sword.
Casting: Stone Arrow (safe; 1% risk of failure)
Confirm with . or Enter, or press ? or * to list all spells.
Aiming: Petrify (dangerous; 3% risk of failure)
Press: ? - help, Shift-Dir - straight line, f - orc warrior
Aim: an orc warrior, wielding a +0 short sword and wearing a +0 chain mail (moderately wounded, chance to defeat MR: 71%)
The orc warrior struggles to resist.
The orc warrior barely misses you.
You now have 15/27 mp.
Casting: Petrify (dangerous; 3% risk of failure)
Confirm with . or Enter, or press ? or * to list all spells.
Aiming: Petrify (dangerous; 3% risk of failure)
Press: ? - help, Shift-Dir - straight line, f/p - orc warrior
Aim: an orc warrior, wielding a +0 short sword and wearing a +0 chain mail (moderately wounded, chance to defeat MR: 71%)
The orc warrior is moving more slowly.
The orc warrior closely misses you.
You now have 11/27 mp.
The orc warrior stops moving altogether!
The helpless orc warrior fails to defend itself.
You puncture the orc warrior!
The orc warrior is heavily wounded.
The helpless orc warrior fails to defend itself.
You puncture the orc warrior!
You feel better.
The orc warrior is severely wounded.
You regained 3 hp, and now have 42/88 hp.
The helpless orc warrior fails to defend itself.
You puncture the orc warrior!
You feel better.
You kill the orc warrior!
Makhleb accepts your kill.
You feel better.
You regained 13 hp, and now have 55/88 hp.
Things that are here:
a +0 short sword; a +0 chain mail
There is an open door here.
You now have 1579 gold pieces (gained 20).
There is an open door here.
You open the door.
A two-headed ogre comes into view.
It is wielding a +0 giant spiked club and a +0 giant club.
The two-headed ogre shouts in stereo!
Casting: Petrify (dangerous; 3% risk of failure)
Confirm with . or Enter, or press ? or * to list all spells.
Aiming: Lee's Rapid Deconstruction (dangerous; 1% risk of failure)
Press: ? - help, Dir - move target cursor A metal wall.
The metal wall shatters!
The blast of metal fragments hits the two-headed ogre!!
The two-headed ogre is heavily wounded.
You hear a shout!
The two-headed ogre hits you with a +0 giant spiked club!
The two-headed ogre hits you with a +0 giant club!!
* * * LOW HITPOINT WARNING * * *
You take 30 damage, and have 25/88 hp.
MASSIVE DAMAGE!!
You now have 12/27 mp.
Casting: Lee's Rapid Deconstruction (dangerous; 1% risk of failure)
Confirm with . or Enter, or press ? or * to list all spells.
Aiming: Lee's Rapid Deconstruction (dangerous; 1% risk of failure)
Press: ? - help, Dir - move target cursor A metal wall.
The metal wall shatters!
The blast of metal fragments hits the two-headed ogre!!
The two-headed ogre is almost dead.
You hear a shout!
The two-headed ogre hits you with a +0 giant spiked club!!
You die...

≈* * #'##.#... .# ,** ≈
#...#.##'###. +* , ≈
#...#....#.., ≈* ≈≈≈..
*#####.)..#.# + , * *** ≈..
#..#....#.#, * , ** #..##
#..)......# , + ≈≈*
#♣...###..#.####.#####,** * ≈≈.♣
#.....#####O#..#...... *
≈≈..##......####@'..#.....#
≈....#......+...)#..#..⌠..#, ,
P.♣.........####.####.....# +
♣............###..........#, **
.............#.####.#####.##* *
...........#....# #.#..)# . , ,
......#....#....###.#...#.#,,,,*
...........##..#.##.##)##.# ,
.....#.....##..####.......#,, ,
,


You could see a two-headed ogre.

Vanquished Creatures
  A hydra (D:10)
  2 two-headed ogres
  2 unseen horrors (D:10)
  2 orc knights
  A cyclops (D:11)
  2 ugly things (D:9)
  A gargoyle (D:9)
  3 trolls
  2 hornets (D:9)
  Prince Ribbit (D:8)
  2 hippogriffs (D:11)
  A slime creature (D:11)
  7 yaks
  A warg (Orc:2)
  32 orc warriors
  2 ice beasts
  4 sky beasts
  14 ogres
  A necrophage (D:10)
  13 centaurs
  4 big kobolds
  A bullfrog (D:9)
  4 scorpions
  13 killer bees
  An electric eel (D:7)
  7 howler monkeys
  4 bullfrog zombies
  A crimson imp (D:9)
  6 hounds
  10 orc priests
  3 jellies
  11 orc wizards
  A centaur skeleton (D:3)
  3 iguanas
  12 worker ants
  The ghost of p0werm0de the Skirmisher, a weakling MiFi (D:3)
  A hound skeleton (D:5)
  8 gnolls
  A howler monkey skeleton (D:5)
  13 adders
  2 white imps
  An ufetubus (D:9)
  3 worms
  2 dart slugs (D:1)
  4 leopard geckos
  120 orcs
  9 giant cockroaches
  4 goblins
  7 hobgoblins
  16 jackals
  22 kobolds
  8 quokkas
  A ball python (D:2)
  9 bats
  7 frilled lizards
  A jackal skeleton (D:4)
  A leopard gecko skeleton (D:9)
  7 rats
423 creatures vanquished.

Vanquished Creatures (collateral kills)
  An orc sorcerer (Orc:2)
  An orc warrior (Orc:2)
  An orc priest (Orc:2)
3 creatures vanquished.

Vanquished Creatures (others)
  4 toadstools (D:1)
4 creatures vanquished.

Grand Total: 430 creatures vanquished

Notes
Turn   | Place    | Note
-------+----------+-------------------------------------------
     0 | D:1      | Irenicus the Deep Dwarf Earth Elementalist began the quest
                  | for the Orb.
     0 | D:1      | Reached XP level 1. HP: 15/15 MP: 3/3
    99 | D:1      | Reached XP level 2. HP: 22/22 MP: 0/4
   163 | D:1      | Reached skill level 5 in Earth Magic
   203 | D:1      | Learned a level 2 spell: Passwall
   394 | D:2      | Reached XP level 3. HP: 20/28 MP: 3/5
   514 | D:2      | Reached skill level 6 in Earth Magic
   618 | D:2      | Reached XP level 4. HP: 24/36 MP: 0/6
   703 | D:3      | Reached skill level 7 in Earth Magic
   736 | D:3      | Noticed p0werm0de's ghost (weakling MiFi)
   848 | D:3      | Reached XP level 5. HP: 25/42 MP: 4/7
   872 | D:3      | Found a transporter.
   876 | D:3      | Found a transporter.
   948 | D:3      | HP: 5/42 [p0werm0de's ghost (7)]
   954 | D:3      | HP: 3/63 [p0werm0de's ghost (5)]
   958 | D:3      | Killed p0werm0de's ghost
  1165 | D:3      | Reached skill level 8 in Earth Magic
  1172 | D:3      | Found a burning altar of Makhleb.
  1194 | D:3      | Became a worshipper of Makhleb the Destroyer
  1342 | D:4      | Found a staircase to the Ecumenical Temple.
  1352 | Temple   | Entered the Ecumenical Temple
  1410 | D:4      | Reached XP level 6. HP: 41/49 MP: 0/8
  1450 | D:4      | Reached skill level 9 in Earth Magic
  1527 | D:4      | Found Baam's Antique Weapon Emporium.
  1536 | D:4      | Found a stormy altar of Qazlal.
  1536 | D:4      | Found a snail-covered altar of Cheibriados.
  1676 | D:4      | Reached skill level 10 in Earth Magic
  1751 | D:4      | Reached XP level 7. HP: 42/55 MP: 0/9
  1761 | D:4      | Reached * piety under Makhleb
  1930 | D:5      | Entered Level 5 of the Dungeon
  1948 | D:5      | Learned a level 3 spell: Stone Arrow
  2065 | D:5      | Found a sacrificial altar of Ru.
  2109 | D:5      | Reached skill level 11 in Earth Magic
  2268 | D:5      | Found an ancient bone altar of Kikubaaqudgha.
  2425 | D:5      | Found an iron altar of Okawaru.
  2448 | D:6      | Got a fine falchion
  2449 | D:6      | Identified the +10 falchion "String" {flame, rPois MP+9}
                  | (You found it on level 6 of the Dungeon)
  2513 | D:6      | Found a blossoming altar of Fedhas.
  2518 | D:6      | Reached ** piety under Makhleb
  2519 | D:6      | Found a basalt altar of Yredelemnul.
  2724 | D:7      | Reached skill level 12 in Earth Magic
  2725 | D:7      | Reached skill level 1 in Long Blades
  2726 | D:7      | Reached XP level 8. HP: 53/62 MP: 10/10
  2743 | D:7      | Reached skill level 2 in Long Blades
  2892 | D:7      | Reached skill level 3 in Long Blades
  2955 | D:7      | Reached skill level 2 in Spellcasting
  3187 | D:6      | Reached skill level 3 in Spellcasting
  3187 | D:6      | Reached skill level 13 in Earth Magic
  3588 | D:8      | Noticed Prince Ribbit
  3594 | D:8      | Killed Prince Ribbit
  3594 | D:8      | Reached skill level 4 in Spellcasting
  3594 | D:8      | Gained mutation: You passively map the area around you.
                  | [Deep Dwarf growth]
  3594 | D:8      | Reached XP level 9. HP: 61/68 MP: 13/15
  3620 | D:8      | Learned a level 5 spell: Lee's Rapid Deconstruction
  3625 | D:8      | Learned a level 4 spell: Petrify
  3663 | D:8      | Irenicus: ?? riposte
  3663 | D:8      | beem: riposte[1/3]: New mechanic in 0.19. Long blades & the
                  | {fencer's gloves} give a 33% chance to retaliate when
                  | enemies miss you, giving you an automatic free attack.
                  | Monsters aren't cool enough to riposte.
  3663 | D:8      | Irenicus: ?? riposte [2
  3663 | D:8      | beem: riposte[2/3]: If you're using the fencer's gloves
                  | with a long blade, the riposte chance stacks and becomes
                  | 66%.
  3663 | D:8      | Irenicus: ?? riposte [3
  3663 | D:8      | beem: riposte[3/3]:
                  | https://s7.postimg.org/dxoi802y3/1468364693.png
  3677 | D:8      | Identified the cursed +1 whip "Riuquur" {freeze, rF++}
  3723 | D:8      | Identified Tinkiyje's Handbook of Fiery Arcane Weapons
  3807 | D:8      | Reached *** piety under Makhleb
  3848 | D:8      | Reached skill level 14 in Earth Magic
  4033 | D:9      | Found a runed translucent door.
  4037 | D:9      | Noticed a cyan ugly thing
  4041 | D:9      | Reached skill level 5 in Spellcasting
  4042 | D:9      | Killed a cyan ugly thing
  4042 | D:9      | Reached skill level 6 in Spellcasting
  4050 | D:9      | Noticed a brown ugly thing
  4060 | D:9      | Killed a brown ugly thing
  4060 | D:9      | Reached skill level 7 in Spellcasting
  4117 | D:9      | Found a staircase to the Orcish Mines.
  4140 | D:9      | Found a shimmering blue altar of Sif Muna.
  4431 | D:9      | Found a hide-covered altar of Uskayaw.
  4431 | D:9      | Noticed a troll
  4435 | D:9      | Reached XP level 10. HP: 75/75 MP: 20/21
  4439 | D:9      | Reached skill level 8 in Spellcasting
  4467 | D:9      | Noticed a gargoyle
  4472 | D:9      | Killed a gargoyle
  4608 | D:10     | Entered Level 10 of the Dungeon
  4696 | D:10     | Found a runed translucent door.
  4698 | D:10     | Noticed an ice dragon
  4718 | D:10     | Killed an unseen horror
  4718 | D:10     | Reached skill level 9 in Spellcasting
  4806 | D:10     | Noticed a two-headed ogre
  4812 | D:10     | HP: 13/75 [two-headed ogre/cursed -3 giant club (8)]
  4812 | D:10     | HP: 5/75 [two-headed ogre/cursed -3 giant club (8)]
  4814 | D:10     | Killed a two-headed ogre
  4877 | D:10     | Reached **** piety under Makhleb
  4883 | D:10     | Identified the +3 falchion of Disank {vorpal, MR++ Int-4}
  4949 | D:10     | Reached skill level 3 in Dodging
  4950 | D:10     | Reached skill level 10 in Spellcasting
  5035 | D:10     | Reached skill level 4 in Dodging
  5181 | D:10     | Reached ***** piety under Makhleb
  5234 | D:10     | Killed an unseen horror
  5234 | D:10     | Reached XP level 11. HP: 58/81 MP: 25/25
  5245 | D:10     | Noticed a deep elf archer
  5246 | D:10     | Noticed a four-headed hydra
  5251 | D:10     | Noticed a deep elf mage
  5252 | D:10     | Killed a four-headed hydra
  5252 | D:10     | Reached skill level 5 in Dodging
  5280 | D:11     | Found a staircase to the Lair.
  5333 | D:11     | Reached skill level 6 in Dodging
  5455 | D:11     | HP: 18/81 [orc warrior/+0 trident (9)]
  5495 | D:11     | HP: 16/81 [killer bee (5)]
  5611 | D:11     | Reached skill level 11 in Spellcasting
  5676 | D:11     | HP: 17/81 [slime creature (16)]
  5686 | D:11     | HP: 10/81 [slime creature (7)]
  5688 | D:11     | Reached skill level 1 in Evocations
  5764 | Orc:1    | Entered Level 1 of the Orcish Mines
  5764 | Orc:1    | Found a flagged portal.
  5772 | Orc:1    | Got a pitted spear
  5773 | Orc:1    | Identified the +7 spear "Giant's Death Toll" {venom, Int+6
                  | Stlth-} (You found it on level 1 of the Orcish Mines)
  5834 | Bailey   | Entered a bailey
  5838 | Bailey   | HP: 17/81 [centaur/javelin (7)]
  5861 | Bailey   | HP: 17/81 [cloud of steam (5)]
  5865 | Bailey   | Reached skill level 2 in Evocations
  5935 | Bailey   | HP: 20/81 [orc warrior/+0 halberd (7)]
  5939 | Bailey   | Reached skill level 3 in Evocations
  6077 | Bailey   | Reached skill level 4 in Evocations
  6175 | Bailey   | Reached skill level 15 in Earth Magic
  6254 | Bailey   | Reached skill level 1 in Armour
  6319 | Orc:1    | Reached skill level 2 in Armour
  6323 | Orc:1    | Noticed an orc knight
  6332 | Orc:1    | Reached skill level 3 in Armour
  6351 | Orc:1    | Killed an orc knight
  6351 | Orc:1    | Reached skill level 5 in Armour
  6396 | Orc:1    | Reached skill level 6 in Armour
  6421 | Orc:1    | HP: 15/81 [orc warrior/cursed -1 trident (10)]
  6438 | Orc:1    | Found a bloodstained altar of Trog.
  6667 | Orc:2    | Entered Level 2 of the Orcish Mines
  6671 | Orc:2    | Reached skill level 7 in Armour
  6724 | Orc:2    | Reached ****** piety under Makhleb
  6747 | Orc:2    | Reached XP level 12. HP: 47/88 MP: 12/27
  6819 | Orc:2    | Reached skill level 1 in Conjurations
  6819 | Orc:2    | Noticed a two-headed ogre
  6833 | Orc:2    | Killed a two-headed ogre
  6833 | Orc:2    | Reached skill level 8 in Armour
  6833 | Orc:2    | Reached skill level 2 in Conjurations
  6868 | Orc:2    | HP: 12/88 [orc warrior/+0 trident (12)]
  7053 | Orc:2    | Reached skill level 1 in Transmutations
  7093 | Orc:2    | Found Gyqemuc's Assorted Antiques.
  7221 | Orc:2    | Reached skill level 2 in Transmutations
  7277 | Orc:2    | Reached skill level 3 in Stealth
  7330 | Orc:2    | Noticed a two-headed ogre
  7338 | Orc:2    | Slain by a two-headed ogre

Illustrated notes

Levels and vault maps discovered:
D:1:      ldierk_walled_garden_2, layout_basic, st_stairs_1
D:2:      layout_basic, minmay_tetromino_i2
D:3:      cheibrodos_old_hovel, layout_basic, gammafunk_ghost_arena,
          makhleb_heckhound_becter
D:4:      layout_gridville, gammafunk_temple_overflow_statue,
          minmay_temple_entry_wispy, serial_shops, nicolae_shop_trees
D:5:      layout_loops_ring, kennysheep_mini, kennysheep_mini_moat,
          nicolae_overflow_hidden_temple, gup_sewer_entry_spiral
D:6:      layout_basic, yredelemnul_altar_generic, lemuel_doored_altar
D:7:      layout_cave_pods, kennysheep_minor_cross, eino_jars
D:8:      layout_rooms, nicolae_lava_and_water, uniq_prince_ribbit1
D:9:      layout_long_grid, old_standard_altar, led_sif_pool, orc_0_dummy,
          minmay_st_funbox, dk_noncrumbling_4, minmay_fire_ice_demons
D:10:     layout_roguey, special_room [special_room_orc], minivault_13
D:11:     layout_cave_pools, lair_entry_dummy
D:12:     layout_grid_maze
Temple:   dshaligram_water_room_temple
Orc:1:    layout_caves, enter_bailey_2, trog_butcher_becter
Orc:2:    pubby_orc_utopia

Skill      XL: |  1  2  3  4  5  6  7  8  9 10 11 12 |
---------------+-------------------------------------+-----
Earth Magic    | 5 6 7 8 10 12 13 14 15 | 15.2
Long Blades    | 1 3 |  3.0
Spellcasting   | 4 7 10 11 | 11.0
Dodging        | 4 6 |  6.1
Evocations     | 4 |  4.1
Armour         | 7 8 |  8.6
Conjurations   | 2 |  2.0
Transmutations | 2 |  2.2
Stealth        | 3 |  3.9

Action                   |  1- 3 |  4- 6 |  7- 9 | 10-12 || total
-------------------------+-------+-------+-------+-------++-------
Melee: Dagger            |     4 |    13 |       |    43 ||    60
       Spear             |    18 |    90 |   107 |       ||   215
       Falchion          |       |       |    44 |   123 ||   167
Throw: Dart              |     1 |       |       |       ||     1
 Cast: Sandblast         |    41 |    60 |    43 |   186 ||   330
       Passwall          |       |    17 |    31 |    15 ||    63
       Stone Arrow       |       |       |    60 |    78 ||   138
       Lee's Rapid Decon |       |       |     3 |    23 ||    26
       Petrify           |       |       |       |    22 ||    22
Invok: Lesser Servant of |       |       |       |     1 ||     1
 Abil: Heal Wounds       |       |     1 |       |       ||     1
Evoke: Wand              |       |       |     4 |    56 ||    60
       Condenser vane    |       |       |       |     2 ||     2
  Use: Potion            |       |     4 |       |     5 ||     9
       Scroll            |       |     2 |     1 |    14 ||    17
 Stab: Sleeping          |       |     1 |     2 |     2 ||     5
       Petrified         |       |       |       |    45 ||    45
       Invisible         |       |       |       |     2 ||     2
Armor: Ring mail         |    11 |    62 |    98 |    92 ||   263
       Robe              |     3 |       |       |       ||     3
       Skin              |       |    13 |       |       ||    13
Dodge: Dodged            |    25 |   101 |   158 |   270 ||   554
       Rpst.: Falchion   |       |       |    34 |    38 ||    72

Table legend: (Time is in decaauts)
 A = Elapsed time spent in this place.
 B = Non-inter-level travel time spent in this place.
 C = Inter-level travel time spent in this place.
 D = Time resting spent in this place.
 E = Time spent auto-exploring this place.
 F = Levels seen in this place.
 G = Mean time per level.
                   A        B        C        D        E       F      G
               +--------+--------+--------+--------+--------+-----+--------+
         Total |   7413 |   7346 |     67 |     28 |      0 |  16 |  463.3 |
       Dungeon |   5824 |   5772 |     52 |     28 |      0 |  12 |  485.3 |
        Temple |      1 |      1 |      0 |      0 |      0 |   1 |    1.0 |
  Orcish Mines |   1111 |   1096 |     15 |      0 |      0 |   2 |  555.5 |
        Bailey |    476 |    476 |      0 |      0 |      0 |   1 |  476.0 |
               +--------+--------+--------+--------+--------+-----+--------+

Top non-repeatable levels by time:
    D:10: 685 daAuts
     D:9: 676 daAuts
     D:3: 666 daAuts
   Orc:2: 652 daAuts
     D:5: 643 daAuts
     D:4: 596 daAuts
     D:7: 523 daAuts
  Bailey: 476 daAuts
    D:11: 474 daAuts
     D:6: 473 daAuts
   Orc:1: 458 daAuts
     D:8: 404 daAuts
     D:1: 385 daAuts
     D:2: 290 daAuts
    D:12: 4 daAuts

Table legend:
 A = Kills in this place as a percentage of kills in entire the game.
 B = Kills by you in this place as a percentage of kills by you in the entire game.
 C = Kills by friends in this place as a percentage of kills by friends in the entire game.
 D = Other kills in this place as a percentage of other kills in the entire game.
 E = Experience gained in this place as a percentage of experience gained in the entire game.
 F = Experience gained in this place divided by the number of levels of this place that you have seen.
                   A       B       C       D       E      F
               +-------+-------+-------+-------+-------+----------------------
         Total | 100.0 | 100.0 | 100.0 |   N/A | 100.0 | 1584.1
       Dungeon |  71.4 |  71.9 |   0.0 |   N/A |  64.3 | 1358.4
  Orcish Mines |  19.5 |  18.9 | 100.0 |   N/A |  26.7 | 3388.0
        Bailey |   9.2 |   9.2 |   0.0 |   N/A |   9.0 | 2269.0
               +-------+-------+-------+-------+-------+----------------------
